 Dungeon Crawl Stone Soup version 0.30.0-5-g1a98f26d00 (webtiles) character file.

Game seed: 4717711869841003007

19579 Pooter the Marksminotaur (level 12, -2/108 HPs)
             Began as a Minotaur Berserker on May 10, 2023.
             Was a High Priest of Trog.
             Killed from afar by an electric eel (12 damage)
             ... with a bolt of electricity
             ... on level 2 of the Lair of Beasts on May 11, 2023.
             The game lasted 01:14:45 (12560 turns).

Pooter the Marksminotaur (Minotaur Berserker)      Turns: 12560, Time: 01:14:46

Health: -2/108     AC: 28    Str: 32    XL:     12   Next: 37%
Magic:  6/11       EV:  7    Int:  4    God:    Trog [*****.]
Gold:   354        SH:  5    Dex: 11    Spells: 11/11 levels left

rFire   . . .        a - +5 halberd (freeze)
rCold   . . .        (shield currently unavailable)
rNeg    . . .        n - +2 crystal plate armour
rPois   +            (helmet restricted)
rElec   .            R - +0 cloak
rCorr   .            T - +0 pair of gloves {infuse}
SInv    .            w - +2 pair of boots
Will    .....        m - amulet of reflection Stlth
                     s - +6 ring of strength
HPRegen 0.38/turn    P - ring of poison resistance
MPRegen 0.12/turn

%: reflection, infuse magic (1 MP)
@: on berserk cooldown, slowed, very slow
A: horns 2, retaliatory headbutt
a: Renounce Religion, Berserk, Trog's Hand, Brothers in Arms


You were on level 2 of the Lair of Beasts.
You worshipped Trog.
Trog was extremely pleased with you.
You visited 2 branches of the dungeon, and saw 12 of its levels.
You also visited: Ossuary.

You collected 634 gold pieces.
You spent 280 gold pieces at shops.

Inventory:

Hand Weapons
 a - a +5 halberd of freezing (weapon)
   (You took it off a wight on level 8 of the Dungeon)
 b - a +0 shortbow
   (You took it off a centaur on level 6 of the Dungeon)
 j - the +0 hand axe of the Queen {spect, rElec Str+3 Dex-5}
   (You found it on level 3 of the Dungeon)

   Str:       It affects your strength (+3).
   Dex:       It affects your dexterity (-5).
   rElec:     It insulates you from electricity.
 v - the +7 rapier of Gozag {freeze, rElec Dex+5}
   (You found it on level 9 of the Dungeon)

   Dex:       It affects your dexterity (+5).
   rElec:     It insulates you from electricity.
 F - a +0 morningstar
   (You found it on level 5 of the Dungeon)
 O - the +8 trident of the Octopus King {venom, rElec rPois}
   (You found it on level 7 of the Dungeon)

   rElec:     It insulates you from electricity.
   rPois:     It protects you from poison.
 V - a +3 broad axe of protection
   (You found it on level 2 of the Dungeon)
 X - a +0 war axe of flaming
   (Trog gifted it to you on level 1 of the Lair of Beasts)
Missiles
 c - 4 curare-tipped darts
 h - 2 javelins
 l - 25 poisoned darts (quivered)
 D - 9 boomerangs
 I - 6 silver javelins
 Q - 66 stones
Armour
 n - a +2 crystal plate armour (worn)
   (You found it on level 2 of the Dungeon)
 w - a +2 pair of boots (worn)
   (You found it on level 4 of the Dungeon)
 R - a +0 cloak (worn)
   (You found it on level 8 of the Dungeon)
 T - a +0 pair of gloves of infusion (worn)
   (You found it on level 8 of the Dungeon)
Jewellery
 m - an amulet of reflection (around neck)
   (You found it on level 2 of the Dungeon)
 s - a +6 ring of strength (left hand)
   (You found it on level 9 of the Dungeon)
 y - a ring of flight
   (You found it on level 4 of the Dungeon)
 C - a ring of resist corrosion
   (You found it on level 9 of the Dungeon)
 L - a +4 ring of protection
   (You took it off a wight on level 7 of the Dungeon)
 N - a ring of fire
   (You found it on level 5 of the Dungeon)
 P - a ring of poison resistance (right hand)
   (You found it on level 3 of the Dungeon)
Wands
 d - a wand of iceblast (8)
   (You found it on level 6 of the Dungeon)
 f - a wand of flame (10)
   (You took it off a wight on level 8 of the Dungeon)
 u - a wand of charming (19)
   (You found it on level 4 of the Dungeon)
 x - a wand of acid (5)
   (You found it on level 9 of the Dungeon)
 G - a wand of polymorph (7)
   (You found it on level 5 of the Dungeon)
 S - a wand of mindburst (13)
   (You found it on level 8 of the Dungeon)
Scrolls
 i - a scroll of identify {@r1}
 k - 2 scrolls of poison {!r}
 t - 8 scrolls of teleportation {@r4}
 z - 4 scrolls of noise {!r}
 E - 2 scrolls of vulnerability {!r}
 H - 3 scrolls of fog
 J - a scroll of immolation {!r}
 K - a scroll of torment {!r}
Potions
 e - 5 potions of haste {@q3}
 g - 5 potions of curing {@q1}
 o - a potion of flight
 p - a potion of resistance
 q - 4 potions of cancellation
 r - 7 potions of might
 A - 2 potions of attraction {!q}
 B - a potion of mutation {!q}
 M - 2 potions of lignification {!q}
 U - 2 potions of heal wounds {@q2}


   Skills:
 + Level 10.9 Fighting
 * Level 14.6 Axes
 * Level 15.3 Ranged Weapons
 + Level 10.2 Armour
 - Level 2.1 Dodging
 - Level 2.6 Stealth
 + Level 3.2 Evocations


You had 11 spell levels left.
You didn't know any spells.
Your spell library was empty.

Dungeon Overview and Level Annotations

Branches:
Dungeon (10/15)            Temple (0/1) D:6            Lair (2/5) D:9
    Orc (0/2) D:9         Ossuary (visited)
  Swamp: Lair:2-3    Shoals: Lair:2-3     Snake: Lair:2-3    Spider: Lair:2-3

Altars:
Cheibriados
Dithmenos
Elyvilon
Fedhas
Hepliaklqana
Nemelex Xobeh
Okawaru
Ru
Trog
Vehumet
Wu Jian

Shops:
D:2 !   D:9 (

Annotations:
D:5 exclusion: statue
D:8 3 runed translucent doors, DandyGuy's ghost, novice MiBe; SecretSquirrel's ghost, novice BaHu; boxxxie's ghost, novice TrMo; croobank's ghost, novice DsAE


Innate Abilities, Weirdness & Mutations

You have a pair of horns on your head.
You reflexively headbutt those who attack you in melee.


Message History

* * * LOW HITPOINT WARNING * * *
You closely miss the swamp worm. The bog body barely misses you.
The swamp worm barely misses you. You furiously retaliate!
You headbutt the swamp worm. You puncture the swamp worm!
You freeze the swamp worm.
You feel the power of Trog in you as your rage grows.
You kill the swamp worm!
Trog accepts your kill. The bog body touches you!
* * * LOW HITPOINT WARNING * * *
The bog body freezes you!!
* * * LOW HITPOINT WARNING * * *
You closely miss the bog body.
The swamp worm fires a harpoon shot at you.
The harpoon shot misses you.
The harpoon shot hits the bog body.
Unknown command.
You slice the bog body!! You freeze the bog body.
You block the bog body's attack.
The swamp worm fires a harpoon shot at you.
The harpoon shot hits you!
* * * LOW HITPOINT WARNING * * *
You are yanked forward by the harpoon shot.
You slice the swamp worm!! You freeze the swamp worm.
The bog body casts a spell at you. You resist with significant effort.
The swamp worm barely misses you. You furiously retaliate!
You headbutt the swamp worm!
You skewer the swamp worm like a kebab!!!
You freeze the swamp worm.
You kill the swamp worm!
Trog accepts your kill.
Reach: a) +5 halberd (freeze)
Aim: a bog body (severely damaged, about 31% to evade your +5 halberd of freezing)
You reach to attack!
You slice the bog body!! You freeze the bog body.
You destroy the bog body!
Trog accepts your kill.
Trog appreciates your killing of a magic user.
You start resting.
You feel a strong urge to attack something.
You start resting.
You feel your anger nearly subside.
You are no longer berserk.
You are exhausted.
You feel yourself slow down.
You start resting.
An electric eel comes into view.
You see here a swamp worm corpse.
The electric eel shoots out a bolt of lightning at you!
The bolt of electricity misses you.
The electric eel shoots out a bolt of lightning at you!
The bolt of electricity hits you!
You die...

§≈♣.^...........
§§♣......††.....
§S♣#......###.+# §§
♣#......##P.#
♣♣♣§♣♣♣#......##..#
♣≈..§♣♣......###...
♣~..~♣♣♣.....# #..P
♣≈†.≈♣♣......# #..#
♣~@.~♣♣......####..
♣♣..♣♣♣#......##..#
♣~..~♣♣............
♣~..≈♣.#...........
♣~.♣~♣.#...........
♣~..~♣.............
♣≈..~♣.............
♣♣..♣♣.............
.
♣..♣.......###.###


You could see an electric eel.

Vanquished Creatures
  A two-headed ogre (D:10)
  3 bog bodies (Lair:2)
  5 elephants (Lair:2)
  A black mamba (Lair:2)
  2 cane toads
  2 kobold demonologists (D:10)
  2 komodo dragons (Lair:1)
  A troll (D:9)
  3 hornets
  4 blink frogs (Lair:1)
  Sigmund (D:2)
  4 dream sheep (Lair:2)
  5 wyverns
  26 yaks
  A basilisk (D:9)
  3 steam dragons
  An acid dragon (D:10)
  3 swamp worms (Lair:2)
  8 water moccasins
  2 orc warriors (D:9)
  2 black bears
  3 ogres
  2 centaurs
  5 elf zombies (Ossuary)
  A phantom (D:4)
  Blork the orc (D:6)
  3 kobold brigands (D:9)
  4 bullfrogs
  3 scorpions
  24 wights
  11 killer bees
  4 electric eels (D:8)
  A howler monkey (D:10)
  4 hounds
  4 jellies
  A human zombie (Ossuary)
  5 orc priests
  3 gnoll boudas
  Jessica (D:2)
  6 iguanas
  6 orc wizards
  3 hound zombies (Ossuary)
  3 mummies (Ossuary)
  Robin (D:3)
  9 adders
  15 gnolls
  A white imp (D:7)
  4 adder zombies (Ossuary)
  A worm (D:3)
  2 dart slugs (D:5)
  27 orcs
  2 bats (D:1)
  6 endoplasms
  5 giant cockroaches
  2 gnoll zombies (Ossuary)
  16 goblins
  12 hobgoblins
  3 jackals (D:3)
  7 quokkas
  11 ball pythons
  2 frilled lizards (D:1)
  2 goblin zombies (Ossuary)
  5 hobgoblin zombies (Ossuary)
  4 jackal zombies (Ossuary)
  16 kobolds
  6 kobold zombies (Ossuary)
  A quokka zombie (Ossuary)
  9 rats
  5 rat zombies (Ossuary)
352 creatures vanquished.

Vanquished Creatures (collateral kills)
  A kobold demonologist (D:10)
1 creature vanquished.

Vanquished Creatures (others)
  A kobold brigand (D:10)
  2 orc wizards (D:7)
  A gnoll (D:7)
4 creatures vanquished.

Grand Total: 357 creatures vanquished

Notes
Turn   | Place    | Note
-------+----------+-------------------------------------------
     0 | D:1      | Pooter the Minotaur Berserker began the quest for the Orb.
     0 | D:1      | Reached XP level 1. HP: 19/19 MP: 0/0
   148 | D:1      | Reached XP level 2. HP: 24/27 MP: 1/1
   179 | D:1      | Reached skill level 1 in Stealth
   325 | D:1      | Reached ** piety under Trog
   381 | D:1      | Reached XP level 3. HP: 33/33 MP: 2/2
   779 | D:2      | Found a faded altar of an unknown god.
   946 | D:2      | Noticed Jessica
   947 | D:2      | Killed Jessica
   948 | D:2      | Reached XP level 4. HP: 40/40 MP: 3/3
  1298 | D:2      | Found Mepymiopt's Distillery.
  1298 | D:2      | Noticed Sigmund
  1318 | D:2      | Killed Sigmund
  1319 | D:2      | Reached skill level 5 in Axes
  1319 | D:2      | Reached skill level 2 in Ranged Weapons
  1319 | D:2      | Reached XP level 5. HP: 29/47 MP: 4/4
  1319 | D:2      | Reached XP level 6. HP: 33/53 MP: 5/5
  1882 | D:3      | Identified the +0 hand axe of the Queen {spect, rElec Str+3
                  | Dex-5}
  1893 | D:3      | Found a hazy altar of Hepliaklqana.
  2008 | D:3      | Noticed Robin
  2023 | D:3      | Reached *** piety under Trog
  2029 | D:3      | Killed Robin
  2288 | D:4      | Reached skill level 5 in Fighting
  2288 | D:4      | Reached skill level 3 in Ranged Weapons
  2898 | D:4      | Found a sparkling altar of Nemelex Xobeh.
  3049 | D:4      | Found a sacrificial altar of Ru.
  3053 | D:4      | Found a snail-covered altar of Cheibriados.
  3242 | D:4      | Reached XP level 7. HP: 61/61 MP: 6/6
  3460 | D:5      | Entered Level 5 of the Dungeon
  3471 | D:4      | Reached skill level 4 in Ranged Weapons
  3710 | D:5      | Reached skill level 5 in Ranged Weapons
  3803 | D:5      | Reached XP level 8. HP: 70/70 MP: 7/7
  3837 | D:5      | Reached skill level 5 in Armour
  3878 | D:5      | Found a radiant altar of Vehumet.
  3904 | D:5      | Found an iron altar of Okawaru.
  4286 | D:6      | Reached skill level 6 in Ranged Weapons
  4382 | D:6      | Noticed Blork the orc
  4388 | D:6      | Killed Blork the orc
  4446 | D:6      | Found a staircase to the Ecumenical Temple.
  4489 | D:6      | Reached skill level 7 in Ranged Weapons
  4492 | D:6      | Found a white marble altar of Elyvilon.
  4826 | D:6      | Reached **** piety under Trog
  4931 | D:6      | Reached skill level 8 in Ranged Weapons
  5216 | D:7      | Reached XP level 9. HP: 73/79 MP: 8/8
  5500 | D:7      | Found a blossoming altar of Fedhas.
  5818 | D:7      | Reached skill level 9 in Ranged Weapons
  6109 | D:7      | Found the +8 trident of the Octopus King {venom, rElec
                  | rPois}
  6212 | D:8      | Found a sand-covered staircase.
  6218 | Ossuary  | Entered an ossuary
  6253 | Ossuary  | Reached skill level 10 in Axes
  6349 | Ossuary  | Reached ***** piety under Trog
  6542 | D:8      | Reached skill level 10 in Ranged Weapons
  6742 | D:8      | Found a runed translucent gate.
  6742 | D:8      | Found a runed translucent gate.
  6742 | D:8      | Found a runed translucent gate.
  6748 | D:8      | Noticed croobank's ghost (novice DsAE)
  6749 | D:8      | Noticed DandyGuy's ghost (novice MiBe)
  6750 | D:8      | Noticed boxxxie's ghost (novice TrMo)
  6750 | D:8      | Noticed SecretSquirrel's ghost (novice BaHu)
  6775 | D:8      | Found a shadowy altar of Dithmenos.
  6791 | D:8      | Paralysed by a hornet for 3 turns
  6916 | D:8      | Reached skill level 11 in Ranged Weapons
  6995 | D:8      | Reached XP level 10. HP: 88/88 MP: 9/9
  7235 | D:8      | Found a bloodstained altar of Trog.
  7606 | D:8      | Noticed Maurice
  7607 | D:8      | Maurice changed into Maurice the wyvern
  7607 | D:8      | Noticed Maurice
  7608 | D:8      | Found an ornate altar of the Wu Jian Council.
  7615 | D:8      | Killed Maurice the wyvern
  7628 | D:8      | Reached skill level 12 in Ranged Weapons
  8460 | D:9      | Reached skill level 13 in Ranged Weapons
  8547 | D:9      | Found a staircase to the Lair.
  8599 | D:9      | Identified the +7 rapier of Gozag {freeze, rElec Dex+5}
  9260 | D:9      | Found Plog's Weapon Shop.
  9297 | D:9      | Reached XP level 11. HP: 97/97 MP: 8/10
  9347 | D:9      | Found a staircase to the Orcish Mines.
  9703 | D:10     | Entered Level 10 of the Dungeon
  9705 | D:10     | Noticed a two-headed ogre
  9713 | D:10     | Killed a two-headed ogre
  9911 | D:10     | Reached skill level 14 in Ranged Weapons
 10726 | Lair:1   | Entered Level 1 of the Lair of Beasts
 10744 | Lair:1   | Received a gift from Trog
 11015 | D:2      | Bought a potion of attraction for 42 gold pieces
 11015 | D:2      | Bought a potion of flight for 42 gold pieces
 11015 | D:2      | Bought a potion of degeneration for 14 gold pieces
 11015 | D:2      | Bought a potion of lignification for 42 gold pieces
 11015 | D:2      | Bought a potion of haste for 140 gold pieces
 11359 | Lair:1   | Reached skill level 10 in Fighting
 11408 | Lair:1   | Reached skill level 1 in Evocations
 11700 | Lair:1   | You fall into a shaft and drop 1 floor!
 11781 | Lair:2   | Reached XP level 12. HP: 107/107 MP: 0/11
 11888 | Lair:2   | Reached skill level 15 in Ranged Weapons
 12160 | Lair:1   | Reached skill level 10 in Armour
 12560 | Lair:2   | Killed from afar by an electric eel

Illustrated notes

Levels and vault maps discovered:
D:1:      amcnicky_arrival_choice, layout_rooms, serial_bayou_pond_a,
          minmay_misc_feat_chi, minmay_misc_feat_cross, minmay_tripent
D:2:      layout_loops_cross, nicolae_ecumenical_snake_handling, serial_shops,
          nicolae_shop_rolling_square, uniq_jessica, uniq_sigmund
D:3:      layout_rooms, mainiacjoe_overflow_alcove_4, uniq_robin
D:4:      minmay_wonky_spiral, layout_layer_cave,
          mainiacjoe_overflow_surrounded_room, jmf_multi_god_temple
D:5:      layout_rooms, okawaru_ov_weapons_minmay, vehumet_statue,
          minmay_diced_spiral
D:6:      layout_loops_ring, elyvilon_altar_3,
          minmay_temple_entry_enclosed_plants, kennysheep_generic_room_7,
          uniq_blork_the_orc
D:7:      layout_loops_ring, mainiacjoe_overflow_alcove_2
D:8:      layout_basic, mainiacjoe_overflow_tiny_flanked, lemuel_crystal_altar,
          nicolae_wu_jian_wuxing_cycle, gammafunk_ghost_cemetery,
          lightli_ossuary_entry_decrepit_ruins, water_boxes_lemuel, uniq_maurice
D:9:      layout_roguey, minmay_lair_entry_grove, orc_0_dummy, serial_shops,
          shop, serial_bayou, serial_bayou_pond_d, serial_bayou_crossing,
          serial_bayou_ford_a, serial_bayou_lagoon_a, minmay_misc_feat_hallway
D:10:     layout_loops_cross
Lair:1:   layout_cave_shapes
Lair:2:   layout_regular_city, nicolae_swamp_entry_splash_gauntlet,
          nicolae_spider_entry_orb_guardian, dreamdust_gnoll_shepherd

Skill      XL: |  1  2  3  4  5  6  7  8  9 10 11 12 |
---------------+-------------------------------------+-----
Axes           | 4 5 6 7 9 11 12 14 | 14.6
Stealth        | 1 2 |  2.6
Fighting       | 4 5 6 7 8 9 10 | 10.9
Ranged Weapons | 2 3 5 8 11 13 14 15 | 15.3
Armour         | 3 4 6 7 8 9 10 | 10.2
Evocations     | 2 3 |  3.2
Dodging        | |  2.1

Action                     |  1- 3 |  4- 6 |  7- 9 | 10-12 || total
---------------------------+-------+-------+-------+-------++-------
  Melee: Hand axe          |    84 |       |    84 |    37 ||   205
         Headbutt          |     5 |     9 |    42 |    72 ||   128
         Quarterstaff      |       |    26 |       |       ||    26
         Broad axe         |       |    81 |   221 |   175 ||   477
         Punch             |       |       |     3 |     2 ||     5
         Halberd           |       |       |       |   128 ||   128
         Trident           |       |       |       |    13 ||    13
   Fire: Sling             |       |    28 |    13 |       ||    41
         Shortbow          |       |       |    44 |    92 ||   136
  Throw: Dart              |     3 |     4 |     2 |    22 ||    31
         Javelin           |       |     2 |     1 |       ||     3
         Stone             |       |       |     1 |       ||     1
         Boomerang         |       |       |     2 |     9 ||    11
 Invoke: Berserk           |     1 |     1 |     8 |     7 ||    17
         Trog's Hand       |       |     2 |     3 |     7 ||    12
  Evoke: Wand              |       |       |     7 |     8 ||    15
    Use: Scroll            |     4 |     4 |     6 |    13 ||    27
   Stab: Sleeping          |     2 |       |       |       ||     2
 Armour: Animal skin       |    10 |       |       |       ||    10
         Crystal plate arm |       |    84 |   224 |   267 ||   575
         Ring mail         |       |     3 |       |       ||     3
  Dodge: Dodged            |    51 |    24 |    68 |    84 ||   227
  Block: Other             |       |    27 |    57 |    70 ||   154
         Reflection        |       |     1 |       |     2 ||     3
